Unix NetHack Version 5.0.0-0 post-release - last build May 31 2026 23:59:36 (970b52f25bf058293b47ddfd14a1e40e571c508c,branch:main).

Game began 2026-06-09 06:00:21, ended 2026-06-09 06:11:10.

Brudee, chaotic female human Rogue

                                                    ----------
                                                    |........|
                                                    |........|
                                                    .........|
                                                    |........|
                                 -------------      |.......        ------
                                 |C.........C|      .....     ######.....|
                                 |.....C......      ---.--    #     |....|
                                 |...--- -   |         #      ######[.)..|
                                 |...    |...-        ########)#    |...<|
                                 |..     |            ##            ------
                                 |..
                                 |.
                                 |.                  -----
                                 |                   ....|
                              ###             #   ..^.
                               ##@q%###########

Brudee the Cutpurse     St:14 Dx:17 Co:15 In:9 Wi:12 Ch:10  Chaotic S:712
Dlvl:5  $:94 HP:0(32) Pw:21(21) AC:4  Xp:4/102 T:1799 

Latest messages:
 You feel a wrenching sensation.
 You materialize in a different location!
 You can move again.
 What do you want to read? [gpr or ?*] p
 You feel a wrenching sensation.
 You materialize in a different location!
 The spellbook crumbles to dust!
 Call a silver spellbook: 
 Your movements are now unencumbered.
 You can move again.
 What do you want to read? [gr or ?*] ?
 As you read the scroll, it disappears.
 Your hands begin to glow red.
 Call a scroll labeled JUYED AWK YACC: confusemonster
 What do you want to read? [r or ?*] ?
 As you read the scroll, it disappears.
 Thinking of Maud you forget everything else.
 The paper golem suddenly disappears!
 The jackal bites!
 In what direction? h
 You throw 2 daggers.
 The 1st dagger hits the jackal.
 You kill the jackal!
 The 2nd dagger misses.
 You hit the jackal.
 Your hands no longer glow so brightly red.
 The jackal appears confused.
 In what direction? h
 You throw 2 daggers.
 The 1st dagger hits it.
 You kill it!
 i - a +0 dagger (at the ready) (7 in total).
 i - 2 +0 daggers (at the ready) (9 in total).
 You see here a jackal corpse.
 What do you want to wield? [- aist or ?*] a
 a - a +0 short sword (weapon in right hand).
 i - a +0 dagger (at the ready) (10 in total).
 The rothe hits!
 The rothe misses!
 The rothe misses!
 In what direction? l
 You throw 2 daggers.
 The 1st dagger hits the rothe.
 The 2nd dagger hits the rothe.
 The rothe hits!
 The rothe bites!
 The rothe bites again!
 You die...
 Do you want your possessions identified? [ynq] (y) y
 Do you want to see your attributes? [ynq] (y) q

Inventory:
 Coins    ('$')
  $ - 94 gold pieces
 Weapons  (')')
  i - 8 +0 daggers (at the ready)
  t - a +0 elven dagger
  s - a +0 orcish dagger
  a - a +0 short sword (weapon in right hand)
 Armor    ('[')
  w - an uncursed +0 splint mail (being worn)
 Comestibles  ('%')
  m - 3 uncursed food rations
  x - an uncursed tin of dried rothe meat
  u - an uncursed egg
 Potions  ('!')
  d - an uncursed potion of sickness
  o - a blessed potion of speed
 Wands    ('/')
  v - a wand of sleep (0:6)
 Tools    ('(')
  f - an empty uncursed sack
  q - a cursed blindfold
  n - an uncursed figurine of a stalker
  e - an uncursed lock pick

Brudee the Rogue's attributes:

Background:
 You were a Cutpurse, a level 4 female human Rogue.
 You were chaotic, nominally on a mission for Kos
 who was opposed by Issek (lawful) and Mog (neutral).
 You were right-handed.
 You were in the Dungeons of Doom, on level 5.
 You entered the dungeon 1799 turns ago.
 You had 102 experience points, 58 more were needed to attain level 5.
 Your score was 712 before end-of-game adjustments.

Basics:
 You had 0 out of 32 hit points.
 You had all 21 energy points (spell power).
 Your armor class was 4.
 Your wallet contained 94 zorkmids.
 Autopickup was on for '$!=+?/"' plus thrown.

Final Characteristics:
 Your strength was 14 (limit:18/100).
 Your dexterity was 17 (limit:18).
 Your constitution was 15 (limit:18).
 Your intelligence was 9 (limit:18).
 Your wisdom was 12 (limit:18).
 Your charisma was 10 (limit:18).

Final Status:
 You weren't hungry.
 You were unencumbered.
 You were wielding a short sword.
 You had basic skill with short sword.

Final Attributes:
 You were devoutly aligned.
 You would have confused monsters when hitting them.
 You were stealthy.
 You were warded.
 Your spell casting was impaired by metallic armor.
 You are dead.

Miscellaneous:
 You didn't encounter any bones levels.
 Total elapsed playing time was 10 minutes and 48 seconds.

Major events:
 Turn
    1: Brudee the chaotic female human Rogue entered the dungeon
 1185: attained the rank of Cutpurse (level 3)
 1799: killed by a rothe

Spells:
 Name                 Level Category     Fail Retention
 knock                  1   matter       100%  76%-100%

Skills:
 Fighting Skills
   bare handed combat [Unskilled]
   two weapon combat  [Unskilled]
   riding             [Unskilled]
 Weapon Skills
   dagger             [Basic]
   knife              [Unskilled]
   short sword        [Basic]
   broadsword         [Unskilled]
   long sword         [Unskilled]
   two-handed sword   [Unskilled]
   saber              [Unskilled]
   club               [Unskilled]
   mace               [Unskilled]
   morning star       [Unskilled]
   flail              [Unskilled]
   hammer             [Unskilled]
   polearms           [Unskilled]
   spear              [Unskilled]
   crossbow           [Unskilled]
   dart               [Unskilled]
   shuriken           [Unskilled]
 Spellcasting Skills
   divination spells  [Unskilled]
   escape spells      [Unskilled]
   matter spells      [Unskilled]

Voluntary challenges:
 Character rerolling was not enabled.
 You were an atheist.
 You never genocided any monsters.
 You never polymorphed an object.
 You never changed form.
 You used no wishes.
Achievements:
 You entered a shop.
 You attained the rank of Cutpurse.

 The Dungeons of Doom: levels 1 to 5
    Level 1:
       Some fountains.
    Level 2:
       A general store, a fountain.
    Level 3:
       A fountain.
    Level 4:
    Level 5: <- You were here.
       Final resting place for
          you, killed by a rothe.


Vanquished creatures:
  a straw golem
  2 hill orcs
  a hobbit
  4 giant rats
  2 cave spiders
  a green mold
  a gnome zombie
  5 geckos
  4 jackals
  3 foxes
  2 kobolds
  a goblin
  2 sewer rats
  a lichen
  4 newts
34 creatures vanquished.

No species were genocided or became extinct.

Game over:
                       ----------
                      /          \
                     /    REST    \
                    /      IN      \
                   /     PEACE      \
                  /                  \
                  |      Brudee      |
                  |      94 Au       |
                  |   killed by a    |
                  |      rothe       |
                  |                  |
                  |                  |
                  |       2026       |
                 *|     *  *  *      | *
        _________)/\\_//(\/(/\)/\//\/|_)_______

Goodbye Brudee the Rogue...

You died in The Dungeons of Doom on dungeon level 5 with 703 points,
and 94 pieces of gold, after 1799 moves.
You were level 4 with a maximum of 32 hit points when you died.

